 Dungeon Crawl Stone Soup version 0.14-a0-445-g388476e (webtiles) character file.

6119 PolkaDot the Cloud Mage (level 10, -6/51 (54) HPs)
             Began as a Vampire Wizard on Oct 30, 2013.
             Was a High Priest of Sif Muna.
             Mangled by a griffon skeleton (8 damage)
             ... led by Josephine
             ... on Level 10 of the Dungeon.
             The game lasted 01:14:56 (10749 turns).

PolkaDot the Cloud Mage (Vampire Wizard)           Turns: 10749, Time: 01:14:57

HP  -6/51 (54)   AC  4     Str  6      XL: 10   Next: 47%
MP   4/20        EV 12     Int 22 (23) God: Sif Muna [*****.]
Gold 426         SH  0     Dex 12      Spells:  5 memorised,  0 levels left

Res.Fire  : + . .   See Invis. : +   y - staff of conjuration
Res.Cold  : + . .   Warding    : .   a - +0 robe
Life Prot.: + + +   Conserve   : +   (no shield)
Res.Poison: +       Res.Corr.  : .   b - +0 wizard hat
Res.Elec. : .       Clarity    : .   w - +0 cloak
Sust.Abil.: . .     Spirit.Shd : .   z - +0 pair of elf gloves
Res.Mut.  : .       Stasis     : .   (no boots)
Res.Rott. : +       Flight     : .   o - cursed amulet of conservation
Saprovore : . . .                    (no ring)
                                     e - ring of fire

@: regenerating slowly, somewhat resistant to hostile enchantments, stealthy
A: bottle blood, fangs 3, see invisible, (blink 0), -10% hp, unbreathing
a: Bat Form, Bottle Blood, Channel Energy, Forget Spell, Renounce Religion


You were on level 10 of the Dungeon.
You worshipped Sif Muna.
Sif Muna was extremely pleased with you.
You were near bloodless.

You visited 2 branches of the dungeon, and saw 11 of its levels.

You collected 445 gold pieces.
You spent 39 gold pieces at shops.

Inventory:

Hand weapons
 i - a +2,+0 short sword
 A - the +7,+4 flail of Instinct {holy, rElec rPois rF+ Dex+2}
   (You found it on level 6 of the Dungeon)

   It has been blessed by the Shining One to cause great damage to the undead
   and demons.
   It affects your dexterity (+2).
   It protects you from fire.
   It insulates you from electricity.
   It protects you from poison.
Armour
 a - a +0 robe (worn)
 b - a +0 wizard hat (worn)
 j - a +0 troll leather armour {Purgy}
 w - a +0 cloak (worn)
 z - a +0 pair of elven gloves (worn)
Magical devices
 h - a wand of lightning (0)
 s - a wand of paralysis (15)
 B - a wand of frost (15)
 C - a wand of frost (14)
 J - a wand of polymorph (15) {unknown}
Scrolls
 d - 2 scrolls of fear
 k - 4 scrolls of identify
 l - 3 scrolls of fog
 m - 4 scrolls of teleportation
 t - a scroll of magic mapping
 D - 3 scrolls of remove curse
 H - a scroll of noise {unknown}
Jewellery
 e - a ring of fire (left hand)
 o - a cursed amulet of conservation (around neck)
 G - an uncursed amulet of resist mutation
Potions
 f - 2 potions of brilliance
 g - 6 potions of curing
 p - a potion of speed
 r - a potion of resistance
 u - a potion of agility
 v - a potion of cure mutation
 F - a potion of might
Books
 c - a book of Minor Magic

   Spells                             Type                      Level
   *Magic Dart                        Conjuration                  1
   Blink                              Translocation                2
   Call Imp                           Summoning                    2
   *Repel Missiles                    Charms/Air                   2
   Slow                               Hexes                        2
   *Conjure Flame                     Conjuration/Fire             3
   *Mephitic Cloud                    Conjuration/Poison/Air       3
 n - the Collected Works on Confrontation
   (You acquired it on level 4 of the Dungeon)

   Spells                             Type                      Level
   Iskenderun's Mystic Blast          Conjuration                  4
   Iron Shot                          Conjuration/Earth            6
   Orb of Destruction                 Conjuration                  7
 x - a book of Debilitation

   Spells                             Type                      Level
   Corona                             Hexes                        1
   Slow                               Hexes                        2
   Inner Flame                        Hexes/Fire                   3
   Enslavement                        Hexes                        4
   Cause Fear                         Hexes                        4
   Leda's Liquefaction                Hexes/Earth                  4
 E - a book of Enchantments

   Spells                             Type                      Level
   Cause Fear                         Hexes                        4
   Silence                            Hexes/Air                    5
   Tukima's Dance                     Hexes                        5
   *Deflect Missiles                  Charms/Air                   6
   Haste                              Charms                       6
   Discord                            Hexes                        8
 I - a book of Cantrips

   Spells                             Type                      Level
   Confusing Touch                    Hexes                        1
   Animate Skeleton                   Necromancy                   1
   Summon Small Mammal                Summoning                    1
   Apportation                        Translocation                1
Magical staves
 y - an uncursed staff of conjuration (weapon)


   Skills:
 - Level 2.1 Dodging
 - Level 3.0 Stealth
 - Level 3.0 Spellcasting
 - Level 7.0 Conjurations
 * Level 6.0 Charms
   Level 1.0 Summonings
   Level 0.7 Translocations
 + Level 10.6 Air Magic
 - Level 3.5 Invocations


You couldn't memorise any spells.
You knew the following spells:

 Your Spells              Type           Power        Failure   Level  Hunger
a - Magic Dart            Conj           ####         1%          1    None
b - Repel Missiles        Chrm/Air       #####.....   1%          2    ##.....
d - Mephitic Cloud        Conj/Pois/Air  #####...     3%          3    ###....
r - Deflect Missiles      Chrm/Air       #####.....   67%         6    #######
s - Conjure Flame         Conj/Fire      #####...     12%         3    ###....


Dungeon Overview and Level Annotations

Branches:
Dungeon (10/27)            Temple (1/1) D:4             Orc (0/4) D:6
   Lair: D:8-13

Altars:
Ashenzari
Cheibriados
Elyvilon
Fedhas
Kikubaaqudgha
Makhleb
Nemelex Xobeh
Okawaru
Sif Muna
Trog
Vehumet
Xom
Yredelemnul
Zin
the Shining One

Shops:
D:4 *   D:7 *

Annotations:
D:10 Josephine


Innate Abilities, Weirdness & Mutations

You heal slowly.
You can bottle blood from corpses.
You have razor-sharp teeth.*
You have supernaturally acute eyesight.
You can survive without breathing.*
((You can translocate small distances at will.))+ You are frail (-10% HP).


Message History

The griffon skeleton barely misses you.
Casting: Mephitic Cloud
Confirm with . or Enter, or press ? or * to list all spells.
Aiming: Conjure Flame
Press: ? - help, Dir - move target cursor, p - Josephine You feel a strong surge of power!
You miscast Conjure Flame.
Nothing appears to happen.
Josephine is engulfed in noxious fumes.
Josephine appears confused.
Casting: Conjure Flame
Confirm with . or Enter, or press ? or * to list all spells.
Aiming: Conjure Flame
Press: ? - help, Dir - move target cursor You feel a strong surge of power!
The fire roars!
The griffon skeleton is engulfed in roaring flames.
The griffon skeleton bites you.
* * * LOW HITPOINT WARNING * * *
The griffon skeleton pecks you.
* * * LOW HITPOINT WARNING * * *
The griffon skeleton claws you!
You die...

#. #. #. #.
#.## # ..# #.#
# #.###...##
#. #..§......
#.###@Z§§.)...
#...@§###.#.##
###§#####....#
#..........#
##..#####...#
#.(.# #.#.# .
#.#.# .. #.#.#
.#


You could see Josephine (confused) and a griffon skeleton.

Vanquished Creatures
  The ghost of lhllhlh the Cudgeler, an average OgHu (D:4)
  Grinder (D:6)
  A hippogriff (D:7)
  4 yaks (D:8)
  4 hungry ghosts
  A hill giant zombie (D:6)
  A necrophage (D:8)
  3 sky beasts
  Purgy (D:3)
  2 orc warriors
  A yellow wasp (D:8)
  2 ice beasts (D:5)
  A black bear (D:7)
  A centaur (D:5)
  4 ogres
  A crocodile (D:10)
  4 giant frogs
  2 wights (D:7)
  A yak skeleton (D:7)
  6 crimson imps
  2 goliath beetles
  4 killer bees (D:8)
  2 centaur zombies
  A giant frog zombie (D:10)
  A giant frog skeleton (D:5)
  3 hounds
  A gnoll shaman (D:5)
  7 iguanas
  5 orc priests
  A water moccasin zombie (D:7)
  2 scorpions
  5 orc wizards
  8 worker ants
  7 ogre zombies (D:6)
  A worker ant zombie (D:10)
  5 gnolls (D:5)
  16 adders
  A giant centipede (D:10)
  2 giant mites
  5 worms
  An adder zombie (D:8)
  An adder skeleton (D:5)
  2 giant geckos
  22 orcs
  5 ball pythons
  14 bats
  A bat zombie (D:7)
  14 goblins
  11 hobgoblins
  8 jackals
  7 giant cockroaches
  7 giant newts
  3 goblin skeletons
  3 goblin zombies (D:6)
  19 kobolds
  4 orc skeletons
  17 orc zombies (D:6)
  6 quokkas
  18 rats
284 creatures vanquished.

Vanquished Creatures (others)
  An ogre (D:7)
  A giant spore (D:7)
2 creatures vanquished.

Grand Total: 286 creatures vanquished

Notes
Turn   | Place    | Note
--------------------------------------------------------------
     0 | D:1      | PolkaDot, the Vampire Wizard, began the quest for the Orb.
     0 | D:1      | Reached XP level 1. HP: 11/11 MP: 6/6
    76 | D:1      | Reached skill level 1 in Conjurations
   208 | D:1      | Reached XP level 2. HP: 17/17 MP: 0/8
  1337 | D:2      | Reached XP level 3. HP: 18/22 MP: 10/10
  1718 | D:2      | Reached XP level 4. HP: 21/28 MP: 7/12
  2013 | D:2      | Paralysed by a potion of paralysis for 6 turns
  2021 | D:2      | Gained mutation: You can translocate small distances at will. [potion of mutation]
  2021 | D:2      | Gained mutation: You are frail (-10% HP). [potion of mutation]
  2195 | D:2      | HP: 1/22 [jackal (2)]
  2883 | D:3      | Noticed Purgy
  2894 | D:2      | Paralysed by a potion of paralysis for 5 turns
  2904 | D:2      | Learned a level 3 spell: Conjure Flame
  2908 | D:2      | Learned a level 3 spell: Mephitic Cloud
  2938 | D:3      | Killed Purgy
  2938 | D:3      | Reached skill level 4 in Conjurations
  2938 | D:3      | Reached XP level 5. HP: 22/26 MP: 3/13
  3158 | D:3      | Noticed an ogre
  3168 | D:3      | Killed an ogre
  3168 | D:3      | Reached XP level 6. HP: 32/32 MP: 4/15
  3600 | D:4      | Noticed lhllhlh's ghost (average OgHu)
  3656 | D:4      | Found Wuling's Assorted Antiques.
  3660 | D:4      | Bought a scroll labeled NAONURASUM for 21 gold pieces
  3660 | D:4      | Bought a white potion for 18 gold pieces
  3663 | D:4      | Identified the Collected Works on Confrontation (You acquired it on level 4 of the Dungeon)
  3825 | D:4      | Killed lhllhlh's ghost
  3825 | D:4      | Reached skill level 5 in Conjurations
  3825 | D:4      | Reached XP level 7. HP: 36/36 MP: 6/17
  3831 | D:4      | Reached skill level 6 in Conjurations
  4121 | D:4      | Found a staircase to the Ecumenical Temple.
  4131 | Temple   | Entered the Ecumenical Temple
  4276 | Temple   | Became a worshipper of Sif Muna the Loreminder
  4394 | D:4      | Reached skill level 1 in Air Magic
  5290 | D:5      | Entered Level 5 of the Dungeon
  5425 | D:5      | Acquired Sif Muna's first power
  5425 | D:5      | Reached XP level 8. HP: 42/42 MP: 1/18
  5760 | D:5      | Reached skill level 5 in Air Magic
  5936 | D:5      | Acquired Sif Muna's second power
  6097 | D:5      | Reached skill level 7 in Conjurations
  6294 | D:6      | Reached skill level 1 in Invocations
  6436 | D:6      | Reached XP level 9. HP: 46/46 MP: 15/19
  6499 | D:6      | Found a staircase to the Orcish Mines.
  6717 | D:6      | Got an ancient flail
  6718 | D:6      | Identified the +7,+4 flail of Instinct {holy, rElec rPois rF+ Dex+2} (You found it on level 6 of the Dungeon)
  6761 | D:6      | Noticed Grinder
  6782 | D:6      | Killed Grinder
  6788 | D:6      | Reached skill level 8 in Air Magic
  7517 | D:7      | Reached skill level 9 in Air Magic
  7667 | D:7      | Learned a level 2 spell: Repel Missiles
  7735 | D:7      | Reached skill level 1 in Charms
  8403 | D:7      | Found Woimeaz's General Store.
  8584 | D:7      | Reached skill level 10 in Air Magic
  8584 | D:7      | Reached XP level 10. HP: 54/54 MP: 6/20
  8743 | D:7      | Acquired Sif Muna's third power
  9086 | D:8      | Learned a level 6 spell: Deflect Missiles
 10016 | D:8      | Reached skill level 5 in Charms
 10416 | D:10     | Entered Level 10 of the Dungeon
 10418 | D:10     | Found an ancient bone altar of Kikubaaqudgha.
 10732 | D:10     | Noticed Josephine
 10749 | D:10     | HP: 2/51 [griffon skeleton[Josephine] (6)]
 10749 | D:10     | Mangled by a griffon skeleton

Action                   |  1- 3 |  4- 6 |  7- 9 | 10-12 || total
-------------------------+-------+-------+-------+-------++-------
Melee: Short sword       |    34 |    60 |   114 |     4 ||   212
       Staff             |       |       |       |    16 ||    16
 Cast: Magic Dart        |    67 |    61 |   440 |   130 ||   698
       Mephitic Cloud    |       |     2 |    16 |    16 ||    34
       Conjure Flame     |       |     3 |    79 |    74 ||   156
Invok: Channel Energy    |       |       |   220 |   140 ||   360
       Forget Spell      |       |       |       |     1 ||     1
Evoke: Wand              |       |     5 |     5 |       ||    10
  Use: Scroll            |     1 |    10 |    11 |     1 ||    23
       Potion            |       |     6 |     3 |     4 ||    13
 Stab: Sleeping          |     1 |     2 |     2 |       ||     5
       Confused          |       |     2 |     1 |       ||     3
       Paralysed         |       |       |     8 |       ||     8
